TOP OF THE 1ST |
Pittsburgh Killa Beez batting - Pitching for Weslaco Chiefs : RHP Matt Sullivan
|
Pitching: RHP Matt Sullivan
|
|
Batting: RHB Gustavo Valle
|
0-0: Foul Ball, location: 2F 0-1: Fly out, F6 (Popup, 6D)
|
Batting: RHB Stan Taylor
|
0-0: Ball 1-0: Ball 2-0: Called Strike 2-1: Ball 3-1: Called Strike 3-2: Base on Balls
|
Batting: RHB Oliver Todd
|
0-0: Ball 1-0: Called Strike 1-1: Swinging Strike 1-2: 2-RUN HOME RUN (Flyball, 78XD), Distance : 428 ft
|
Batting: RHB Jorge Barbosa
|
0-0: Ball 1-0: Ball 2-0: Foul Ball, location: 2F 2-1: Called Strike 2-2: Strikes out looking
|
Batting: RHB Ricardo Rodríguez
|
0-0: Foul Ball, location: 2F 0-1: Ball 1-1: SINGLE (Line Drive, 8RS)
|
Batting: RHB César Martínez
|
0-0: Ball 1-0: Ball 2-0: Foul Ball, location: 2F 2-1: Called Strike 2-2: Ground out 1-3 (Groundball, 13)
|
Top of the 1st over - 2 run(s), 2 hit(s), 0 error(s), 1 left on base; Pittsburgh 2 - Weslaco 0 |
BOTTOM OF THE 1ST |
Weslaco Chiefs batting - Pitching for Pittsburgh Killa Beez : RHP Pedro Rivera
|
Pitching: RHP Pedro Rivera
|
|
Batting: RHB Jeremiah Ward
|
0-0: Fly out, F5 (Line Drive, 5)
|
Batting: LHB Javier Mejía
|
0-0: Ball 1-0: Ball 2-0: Ball 3-0: Base on Balls
|
Batting: LHB Ralph Cobb
|
0-0: Foul Ball, location: 2F 0-1: Fielders Choice at 2nd, U6 (Groundball, 6M)
|
Batting: RHB António Martínez
|
0-0: Called Strike 0-1: Ball 1-1: Swinging Strike 1-2: Strikes out swinging
|
Bottom of the 1st over - 0 run(s), 0 hit(s), 0 error(s), 1 left on base; Pittsburgh 2 - Weslaco 0 |
TOP OF THE 2ND |
Pittsburgh Killa Beez batting - Pitching for Weslaco Chiefs : RHP Matt Sullivan
|
Batting: RHB Salvador Rodríguez
|
0-0: Ball 1-0: Ball 2-0: Called Strike 2-1: Swinging Strike 2-2: Ball 3-2: Foul Ball, location: 2F 3-2: Foul Ball, location: 2F 3-2: Foul Ball, location: 2F 3-2: Foul Ball, location: 2F 3-2: Foul Ball, location: 2F 3-2: Strikes out swinging, 2-3 out at first.
|
Batting: RHB Steve Stephens
|
0-0: Ball 1-0: Foul Ball, location: 2F 1-1: Fly out, F8 (Flyball, 8RM)
|
Batting: RHB Kyle Baylor
|
0-0: Ball 1-0: Ball 2-0: Ball 3-0: Called Strike 3-1: Base on Balls
|
Batting: RHB Gustavo Valle
|
0-0: Ball Kyle Baylor is caught stealing 2nd base
|
Top of the 2nd over - 0 run(s), 0 hit(s), 0 error(s), 0 left on base; Pittsburgh 2 - Weslaco 0 |
BOTTOM OF THE 2ND |
Weslaco Chiefs batting - Pitching for Pittsburgh Killa Beez : RHP Pedro Rivera
|
Batting: RHB Rob Byrd
|
0-0: Ball 1-0: Called Strike 1-1: Foul Ball, location: 2F 1-2: Strikes out swinging
|
Batting: RHB Alexis Peters
|
0-0: Ball 1-0: Ball 2-0: Ball 3-0: Called Strike 3-1: Base on Balls
|
Batting: RHB Germán Romero
|
0-0: Ball 1-0: Ground out 4-3 (Groundball, 4M) Alexis Peters to second
|
Batting: SHB Jacob Wilcox
|
0-0: Called Strike 0-1: Called Strike 0-2: 2-RUN HOME RUN (Flyball, 9D), Distance : 385 ft
|
Batting: RHB Henry Morris
|
0-0: Ball 1-0: Called Strike 1-1: Foul Ball, location: 2F 1-2: Ball 2-2: Strikes out swinging
|
Bottom of the 2nd over - 2 run(s), 1 hit(s), 0 error(s), 0 left on base; Pittsburgh 2 - Weslaco 2 |
TOP OF THE 3RD |
Pittsburgh Killa Beez batting - Pitching for Weslaco Chiefs : RHP Matt Sullivan
|
Batting: RHB Gustavo Valle
|
0-0: Called Strike 0-1: Called Strike 0-2: Foul Ball, location: 2F 0-2: Strikes out swinging
|
Batting: RHB Stan Taylor
|
0-0: Called Strike 0-1: Swinging Strike 0-2: Foul Ball, location: 2F 0-2: Ball 1-2: Foul Ball, location: 2F 1-2: Fly out, F4 (Popup, 4)
|
Batting: RHB Oliver Todd
|
0-0: Foul Ball, location: 2F 0-1: Called Strike 0-2: Ball 1-2: Foul Ball, location: 2F 1-2: Ball 2-2: Foul Ball, location: 2F 2-2: SINGLE (Line Drive, 8LS)
|
Batting: RHB Jorge Barbosa
|
0-0: Ball 1-0: Ball 2-0: Called Strike Single, Error in OF, E7, batter to second base Oliver Todd to third
|
Batting: RHB Ricardo Rodríguez
|
0-0: Fly out, F6 (Line Drive, 6)
|
Top of the 3rd over - 0 run(s), 2 hit(s), 1 error(s), 2 left on base; Pittsburgh 2 - Weslaco 2 |
BOTTOM OF THE 3RD |
Weslaco Chiefs batting - Pitching for Pittsburgh Killa Beez : RHP Pedro Rivera
|
Batting: RHB Jeremiah Ward
|
0-0: Reached on error, E6 (Groundball, 6M)
|
Batting: LHB Javier Mejía
|
0-0: Called Strike 0-1: Swinging Strike 0-2: Ball 1-2: Ball 2-2: Foul Ball, location: 2F 2-2: Foul Ball, location: 2F 2-2: Foul Ball, location: 2F 2-2: Foul Ball, location: 2F 2-2: Ball 3-2: Fly out, F7 (Flyball, 78S)
|
Batting: LHB Ralph Cobb
|
0-0: Called Strike Jeremiah Ward is caught stealing 2nd base 0-1: Ball 1-1: Ball 2-1: Fly out, F8 (Flyball, 89XD)
|
Bottom of the 3rd over - 0 run(s), 0 hit(s), 1 error(s), 0 left on base; Pittsburgh 2 - Weslaco 2 |
TOP OF THE 4TH |
Pittsburgh Killa Beez batting - Pitching for Weslaco Chiefs : RHP Matt Sullivan
|
Batting: RHB César Martínez
|
0-0: Called Strike 0-1: Ground out 6-3 (Groundball, 6)
|
Batting: RHB Salvador Rodríguez
|
0-0: Called Strike 0-1: Foul Ball, location: 2F 0-2: SINGLE (Line Drive, 56D)
|
Batting: RHB Steve Stephens
|
0-0: Ball 1-0: Ball 2-0: Called Strike 2-1: Foul Ball, location: 2F 2-2: Fly out, F4 (Popup, 34D)
|
Batting: RHB Kyle Baylor
|
0-0: Foul Ball, location: 2F 0-1: Ball 1-1: Called Strike 1-2: Foul Ball, location: 2F 1-2: Foul Ball, location: 2F 1-2: Foul Ball, location: 2F 1-2: Foul Ball, location: 2F 1-2: Ball 2-2: Foul Ball, location: 2F 2-2: Ball Salvador Rodríguez is caught stealing 2nd base
|
Top of the 4th over - 0 run(s), 1 hit(s), 0 error(s), 0 left on base; Pittsburgh 2 - Weslaco 2 |
BOTTOM OF THE 4TH |
Weslaco Chiefs batting - Pitching for Pittsburgh Killa Beez : RHP Pedro Rivera
|
Batting: RHB António Martínez
|
0-0: Ball 1-0: Called Strike 1-1: Fly out, F6 (Line Drive, 6)
|
Batting: RHB Rob Byrd
|
0-0: Ball 1-0: Ball 2-0: Called Strike 2-1: Ball 3-1: Swinging Strike 3-2: Base on Balls
|
Batting: RHB Alexis Peters
|
0-0: Ball 1-0: Ground out 5-3 (Groundball, 5L) Rob Byrd to second
|
Batting: RHB Germán Romero
|
0-0: Ball 1-0: Called Strike 1-1: Foul Ball, location: 2F 1-2: Fly out, F2 (Popup, 2RF)
|
Bottom of the 4th over - 0 run(s), 0 hit(s), 0 error(s), 1 left on base; Pittsburgh 2 - Weslaco 2 |
TOP OF THE 5TH |
Pittsburgh Killa Beez batting - Pitching for Weslaco Chiefs : RHP Matt Sullivan
|
Pitching: LHP Esteban Anaya
|
|
Batting: RHB Kyle Baylor
|
0-0: Ball 1-0: Ball 2-0: Ball 3-0: Swinging Strike 3-1: Swinging Strike 3-2: Strikes out swinging
|
Batting: RHB Gustavo Valle
|
0-0: Ball 1-0: Foul Ball, location: 2F 1-1: Ball 2-1: Ball 3-1: Base on Balls
|
Batting: RHB Stan Taylor
|
0-0: Ball 1-0: Called Strike 1-1: DOUBLE (Flyball, 7LM) Gustavo Valle to third
|
Batting: RHB Oliver Todd
|
0-0: Intentional Walk
|
Batting: RHB Jorge Barbosa
|
0-0: Ball 1-0: Foul Ball, location: 2F 1-1: Called Strike 1-2: Strikes out looking
|
Batting: RHB Ricardo Rodríguez
|
0-0: SINGLE (Line Drive, 4MD) Gustavo Valle scores Stan Taylor to third Oliver Todd to second Runner from 3rd tries for Home, SAFE, no throw or cutoff
|
Batting: RHB César Martínez
|
0-0: Ball 1-0: Ball 2-0: Ball 3-0: Called Strike 3-1: Fly out, F9 (Flyball, 89M)
|
Top of the 5th over - 2 run(s), 2 hit(s), 0 error(s), 2 left on base; Pittsburgh 4 - Weslaco 2 |
BOTTOM OF THE 5TH |
Weslaco Chiefs batting - Pitching for Pittsburgh Killa Beez : RHP Pedro Rivera
|
Batting: SHB Jacob Wilcox
|
0-0: Called Strike 0-1: Ball 1-1: Ground out 6-3 (Groundball, 6)
|
Batting: RHB Henry Morris
|
0-0: Ball 1-0: Ball 2-0: Foul Ball, location: 2F 2-1: Ball 3-1: Base on Balls
|
Batting: RHB Jeremiah Ward
|
0-0: Called Strike 0-1: Ball 1-1: Swinging Strike 1-2: Strikes out looking
|
Batting: LHB Javier Mejía
|
0-0: Called Strike Henry Morris steals 2nd base 0-1: Ball 1-1: Foul Ball, location: 2F 1-2: Ground out 3-1 (Groundball, 34)
|
Bottom of the 5th over - 0 run(s), 0 hit(s), 0 error(s), 1 left on base; Pittsburgh 4 - Weslaco 2 |
TOP OF THE 6TH |
Pittsburgh Killa Beez batting - Pitching for Weslaco Chiefs : LHP Esteban Anaya
|
Batting: RHB Salvador Rodríguez
|
0-0: Ball 1-0: SINGLE (Groundball, 56)
|
Batting: RHB Steve Stephens
|
0-0: Ball 1-0: Ball 2-0: SINGLE (Groundball, 5D) Salvador Rodríguez to second
|
Batting: RHB Kyle Baylor
|
0-0: Fly out, F3 (Popup, 3F)
|
Batting: RHB Gustavo Valle
|
0-0: Ball 1-0: Called Strike 1-1: Ball 2-1: Fly out, F2 (Popup, 23F)
|
Batting: RHB Stan Taylor
|
0-0: Ball 1-0: Fielders Choice at 2nd, 5-4 (Groundball, 5)
|
Top of the 6th over - 0 run(s), 2 hit(s), 0 error(s), 1 left on base; Pittsburgh 4 - Weslaco 2 |
BOTTOM OF THE 6TH |
Weslaco Chiefs batting - Pitching for Pittsburgh Killa Beez : RHP Pedro Rivera
|
Batting: LHB Ralph Cobb
|
0-0: Fly out, F9 (Flyball, 9M)
|
Batting: RHB António Martínez
|
0-0: Called Strike 0-1: Ground out 5-3 (Groundball, 5)
|
Batting: RHB Rob Byrd
|
0-0: Ball 1-0: Foul Ball, location: 2F 1-1: Ball 2-1: Ball 3-1: Base on Balls
|
Pitching: LHP Bob Franklin
|
|
Batting: RHB Alexis Peters
|
0-0: Called Strike 0-1: Called Strike 0-2: Hit by Pitch Rob Byrd to second
|
Batting: RHB Germán Romero
|
0-0: Ball 1-0: SINGLE (Line Drive, 56D) Rob Byrd to third Alexis Peters to second Runner from 3rd tries for Home, SAFE, no throw or cutoff
|
Batting: SHB Jacob Wilcox
|
0-0: SINGLE (Line Drive, 8LS) Alexis Peters to third Germán Romero to second
|
Batting: RHB Henry Morris
|
0-0: Ball 1-0: Foul Ball, location: 2F 1-1: Swinging Strike 1-2: Ball 2-2: Strikes out looking
|
Bottom of the 6th over - 1 run(s), 2 hit(s), 0 error(s), 3 left on base; Pittsburgh 4 - Weslaco 3 |
TOP OF THE 7TH |
Pittsburgh Killa Beez batting - Pitching for Weslaco Chiefs : LHP Esteban Anaya
|
Pitching: RHP Sixto Domínguez
|
|
Batting: RHB Oliver Todd
|
0-0: Called Strike 0-1: Fly out, F8 (Flyball, 8LM)
|
Batting: RHB Jorge Barbosa
|
0-0: Ball 1-0: Called Strike 1-1: Fly out, F7 (Flyball, 78M)
|
Batting: RHB Ricardo Rodríguez
|
0-0: Ball 1-0: Called Strike 1-1: Foul Ball, location: 2F 1-2: Ball 2-2: Strikes out swinging
|
Top of the 7th over - 0 run(s), 0 hit(s), 0 error(s), 0 left on base; Pittsburgh 4 - Weslaco 3 |
BOTTOM OF THE 7TH |
Weslaco Chiefs batting - Pitching for Pittsburgh Killa Beez : LHP Bob Franklin
|
Batting: RHB Jeremiah Ward
|
0-0: Foul Ball, location: 2F 0-1: Hit by Pitch
|
Batting: LHB Javier Mejía
|
0-0: Called Strike Jeremiah Ward steals 2nd base 0-1: SINGLE (Line Drive, 56) Jeremiah Ward to third Runner from 3rd tries for Home, SAFE, no throw or cutoff
|
Pinch Hitting: RHB Jorge Longoria
|
0-0: Ball 1-0: Called Strike 1-1: Ball 2-1: SINGLE (Line Drive, 8RS) Javier Mejía to second Runner from 2nd tries for 3rd, SAFE, no throw or cutoff
|
Batting: RHB António Martínez
|
0-0: Ball 1-0: Ground out 6-3 (Groundball, 6) Jorge Longoria to second
|
Batting: RHB Rob Byrd
|
0-0: Intentional Walk
|
Batting: RHB Alexis Peters
|
0-0: Called Strike 0-1: Foul Ball, location: 2F 0-2: DOUBLE (Line Drive, 5L) Javier Mejía scores Jorge Longoria scores Rob Byrd to third
|
Batting: RHB Germán Romero
|
0-0: Intentional Walk
|
Pitching: LHP Vernon Mathis
|
|
Pinch Hitting: RHB Carlos Miranda
|
0-0: Ball 1-0: Ball 2-0: Fly out, F8 (Flyball, 89M) Runner from 3rd tags up, SCORES, no throw
|
Batting: RHB Henry Morris
|
0-0: Ball 1-0: Ball 2-0: Ball 3-0: Called Strike 3-1: Base on Balls Alexis Peters to third Germán Romero to second
|
Batting: RHB Jeremiah Ward
|
0-0: Swinging Strike 0-1: Ball 1-1: Called Strike 1-2: Ball 2-2: Foul Ball, location: 2F 2-2: SINGLE (Flyball, 78S) Alexis Peters scores Germán Romero to third Henry Morris to second Runner from 3rd tries for Home, SAFE, throw made home Henry Morris to third Jeremiah Ward to second
|
Batting: LHB Javier Mejía
|
0-0: Swinging Strike 0-1: Called Strike 0-2: Ball 1-2: Strikes out swinging
|
Bottom of the 7th over - 6 run(s), 4 hit(s), 0 error(s), 2 left on base; Pittsburgh 4 - Weslaco 9 |
TOP OF THE 8TH |
Pittsburgh Killa Beez batting - Pitching for Weslaco Chiefs : RHP Sixto Domínguez
|
Now at 2B: Bartolo Chono
|
|
Now in LF: Jorge Longoria
|
|
Batting: RHB César Martínez
|
0-0: Fly out, F5 (Popup, 5SF)
|
Batting: RHB Salvador Rodríguez
|
0-0: Ground out 6-3 (Groundball, 6)
|
Batting: RHB Steve Stephens
|
0-0: Ball 1-0: Called Strike 1-1: Ball 2-1: Ground out U3 (Groundball, 3)
|
Top of the 8th over - 0 run(s), 0 hit(s), 0 error(s), 0 left on base; Pittsburgh 4 - Weslaco 9 |
BOTTOM OF THE 8TH |
Weslaco Chiefs batting - Pitching for Pittsburgh Killa Beez : LHP Vernon Mathis
|
Batting: RHB Jorge Longoria
|
0-0: Ball 1-0: Ground out 4-3 (Groundball, 34)
|
Batting: RHB António Martínez
|
0-0: Swinging Strike 0-1: Ball 1-1: Foul Ball, location: 2F 1-2: Strikes out swinging
|
Batting: RHB Rob Byrd
|
0-0: Fly out, F4 (Line Drive, 4)
|
Bottom of the 8th over - 0 run(s), 0 hit(s), 0 error(s), 0 left on base; Pittsburgh 4 - Weslaco 9 |
TOP OF THE 9TH |
Pittsburgh Killa Beez batting - Pitching for Weslaco Chiefs : RHP Sixto Domínguez
|
Batting: RHB Kyle Baylor
|
0-0: Swinging Strike 0-1: Ball 1-1: Called Strike 1-2: Strikes out looking
|
Batting: RHB Gustavo Valle
|
0-0: Called Strike 0-1: Foul Ball, location: 2F 0-2: Ball 1-2: Ball 2-2: Ball 3-2: Foul Ball, location: 2F 3-2: Strikes out swinging
|
Batting: RHB Stan Taylor
|
0-0: Called Strike 0-1: Ground out 2-3 (Groundball, 25)
|
Top of the 9th over - 0 run(s), 0 hit(s), 0 error(s), 0 left on base; Pittsburgh 4 - Weslaco 9 |
|